[Event "Championnat d'Europe de Blitz"]
[Date "2024.12.09"]
[White "Baskin, Robert"]
[Black "Todorovic, Goran N"]
[WhiteElo "2442"]
[BlackElo "2256"]
[Round "8.43"]
[Result "1/2-1/2"]
[TimeControl "180+2"]

1. c4 e6 2.
Nf3 d5 3. g3 Nf6 4. Bg2 dxc4 5. Qa4+ Nbd7 6. Qxc4 a6 7. Qc2 c5 8. Nc3 Rb8 9. O-O b6 10. d4 Bb7 11. e4 cxd4 12.
Nxd4 Rc8 13.
Qe2 Bc5 14.
Rd1 O-O 15.
e5 Bxg2 16.
Kxg2 Ne8 17.
Bf4 b5 18.
Ne4 Bxd4 19.
Rxd4 Qc7 20. Rc1 Qb7 21. Qf3 Rc7 22. Rxc7 Qxc7 23. Qh5 Qc6 24. f3 f6 25. exf6 Nexf6 26. Nxf6+ Nxf6 27. Qe5 Nd5 28. Bd2 Rf5 29. Qe4 h6 30. a4 Qd6 31. axb5 axb5 32. h4 Qc6 33. Qd3 Rf7 34. Re4 Nf6 35. Rf4 Rd7 36. Rd4 Rxd4 37. Qxd4 Qd5 38. Bc3 Qxd4 39. Bxd4 Nd5 40. h5 Kf7 41. Kf2 g6 42. hxg6+ Kxg6 43. Ke2 h5 44. Kd3 Kf5 45. Bg7 e5 46. Bf8 Nc7 47. Kc3 Nd5+ 48.
Kd3 Nc7 49. b3 Nd5 50. Bd6 Ke6 51. Bb8 Kf5 52. Ba7 Nb4+ 53. Ke3 Nd5+ 54. Kd3 Nb4+ 55. Ke2 Nd5 56. Bc5 e4 57. Bd4 exf3+ 58. Kxf3 Nb4 59. Bc5 Nd3 60. Be3 1/2-1/2

[Site "Europe Echecs"]

[Event "Championnat d'Europe de Blitz"]
[Date "2024.12.09"]
[White "Vuckovic, Zarko"]
[Black "Bognar, Csaba Dr."]
[WhiteElo "2334"]
[BlackElo "2067"]
[Round "8.44"]
[Result "1-0"]
[TimeControl "180+2"]

1. e4 d6 2.
d4 Nf6 3.
Bd3 g6 4.
Nf3 Bg7 5.
O-O O-O 6.
Re1 c6 7. h3 Qc7 8. c4 e5 9. Be3 h6 10. Nc3 Qe7 11. Qc2 Nbd7 12. Rad1 Ne8 13. b4 a6 14. a4 exd4 15. Nxd4 Ne5 16. Bf1 f6 17. b5 axb5 18. cxb5 cxb5 19. Nd5 Qf7 20. Nxb5 Be6 21. f4 Rc8 22. Qb3 Nc6 23. f5 gxf5 24. exf5 Bxf5 25. Bc4 Kh8 26. Nb6 Qg6 27. Nxc8 Bxh3 28. Bf1 Bxc8 29. Bf4 Ne5 30. Nxd6 Nxd6 31. Rxd6 Ng4 32. Qg3 Bf5 33. Re7 Ra8 34. Rxb7 Rxa4 35. Rd8+ Kh7 36. Re8 Ne5 37. Ree7 Ng4 38. Re8 1-0

[Site "Europe Echecs"]

[Event "Championnat d'Europe de Blitz"]
[Date "2024.12.09"]
[White "Arnaudov, G. Petar"]
[Black "Redzisz, Michal"]
[WhiteElo "2401"]
[BlackElo "2263"]
[Round "8.45"]
[Result "0-1"]
[TimeControl "180+2"]

1. Nf3 d5 2. g3 c5 3. Bg2 Nf6 4. O-O g6 5. d4 cxd4 6. Nxd4 Bg7 7. c4 O-O 8. Nb3 dxc4 9. Qxd8 Rxd8 10. Na5 Nc6 11. Nxc4 Be6 12. Ne3 Rac8 13. Nc3 a6 14. Rd1 b5 15. Bd2 Nd4 16. Kf1 h5 17. h4 Ng4 18. Nxg4 Bxg4 19. f3 Be6 20. Be1 Nc2 21. Rxd8+ Rxd8 22. Rc1 Nxe1 23. Kxe1 b4 24. Na4 Bxa2 25.
Rc6 Bb3 26.
Nc5 Rd1+ 27. Kf2 Bd4+ 28. e3 Bxc5 29. Rxc5 Rd2+ 30. Kg1 Rxb2 31. Ra5 Bc4 32. f4 b3 33. Be4 Ra2 34.
Rc5 Be6 35.
Rc7 Kf8 36.
Rb7 a5 37. Bd3 a4 38. Kf1 a3 39. Ke1 Ra1+ 40. Kd2 a2 0-1

[Site "Europe Echecs"]

[Event "Championnat d'Europe de Blitz"]
[Date "2024.12.09"]
[White "Mohr, Georg"]
[Black "Minas, Ioannis"]
[WhiteElo "2385"]
[BlackElo "1987"]
[Round "8.46"]
[Result "1-0"]
[TimeControl "180+2"]

1. d4 Nf6 2.
Nf3 g6 3. g3 Bg7 4. Bg2 O-O 5. O-O c6 6. c4 d5 7. Qb3 dxc4 8. Qxc4 Na6 9. Nc3 b5 10. Qxc6 Rb8 11. Ne4 Nxe4 12. Qxe4 Bf5 13. Qh4 Nb4 14. Bh6 e6 15. Qxd8 Rfxd8 16. Bxg7 Kxg7 17. Rfd1 Be4 18. e3 Rbc8 19. a3 Nd5 20. Rac1 Bc2 21. Re1 Bd3 22. Nd2 Nb6 23. b3 a5 24. Bf1 Bxf1 25. Kxf1 a4 26. bxa4 Nxa4 27. Ke2 Rc3 28. Rxc3 Nxc3+ 29. Kd3 Nd5 30. Rb1 Ra8 31. Rb3 Ra5 32. Ne4 f5 33. Nc3 Nxc3 34. Kxc3 1-0

[Site "Europe Echecs"]

[Event "Championnat d'Europe de Blitz"]
[Date "2024.12.09"]
[White "Toncic, Danilo"]
[Black "Domingo Nunez, Ruben"]
[WhiteElo "1972"]
[BlackElo "2409"]
[Round "8.47"]
[Result "0-1"]
[TimeControl "180+2"]

1. b3 d6 2. Bb2 Nd7 3. e3 Ngf6 4. d4 g6 5. Nf3 Bg7 6. c4 O-O 7.
Be2 e5 8. dxe5 Ng4 9. Nc3 Ngxe5 10. O-O h5 11. Qc2 Nc5 12. Rad1 Bf5 13. e4 Nxf3+ 14. Bxf3 Bg4 15. Bxg4 hxg4 16. Rfe1 Qh4 17. Nd5 c6 18. Nf4 Qh8 19. Bxg7 Qxg7 20. Rxd6 Qe5 21. Qd2 Nxe4 22. Qd3 Qxd6 23. Rxe4 Qxd3 24. Nxd3 Rad8 25. Re3 Rd4 26. g3 Rfd8 27.
Nf4 Rd1+ 28. Kg2 Ra1 29. a4 Rdd1 30. f3 Rg1+ 31. Kf2 Raf1+ 32. Ke2 gxf3+ 33. Rxf3 Rxf3 0-1

[Site "Europe Echecs"]

[Event "Championnat d'Europe de Blitz"]
[Date "2024.12.09"]
[White "Afonso, Joao Pedro"]
[Black "Nevednichy, Vladislav"]
[WhiteElo "2112"]
[BlackElo "2451"]
[Round "8.48"]
[Result "0-1"]
[TimeControl "180+2"]

1. e4 e6 2.
Nf3 c5 3. c3 d5 4. exd5 exd5 5. Bb5+ Nc6 6. d4 a6 7. Be2 Nf6 8. O-O c4 9. b3 cxb3 10.
axb3 Bd6 11.
c4 O-O 12.
Nc3 h6 13.
h3 Re8 14.
Be3 Bf5 15.
Bd3 Bxd3 16.
Qxd3 Rc8 17.
c5 Bc7 18.
Rfe1 Ba5 19.
Bd2 Bxc3 20.
Bxc3 Ne4 21. b4 Re6 22. Ne5 Nxe5 23. dxe5 Rg6 24. Rad1 Qg5 25. g3 Qf5 26. Re2 Qxh3 27. Rxe4 dxe4 28.
Qxe4 Rxg3+ 29. fxg3 Qxg3+ 30. Qg2 Qe3+ 31. Kh1 Qxc3 32. Qxb7 Qh3+ 33. Kg1 Qg4+ 34. Kf2 Re8 35. Qf3 Qh4+ 36. Qg3 Qxb4 37. Qe3 Qh4+ 38. Kg2 Qg4+ 39. Kf2 Qxd1 0-1

[Site "Europe Echecs"]

[Event "Championnat d'Europe de Blitz"]
[Date "2024.12.09"]
[White "Veljanoski, Andrej"]
[Black "Kadric, Denis"]
[WhiteElo "2304"]
[BlackElo "2544"]
[Round "8.49"]
[Result "0-1"]
[TimeControl "180+2"]

1. e4 d6 2. d4 Nf6 3. Nc3 e5 4. Nf3 Nbd7 5. h3 c6 6. a4 Be7 7. Be3 O-O 8. Bc4 h6 9. O-O Re8 10. dxe5 dxe5 11. Qe2 Qc7 12. Rfd1 Nf8 13. a5 Bb4 14. Bd2 Bxa5 15. Rxa5 Qxa5 16. Nb5 Qd8 17. Bc3 Qe7 18. Nd6 Rd8 19. Nxf7 Rxd1+ 20. Qxd1 Be6 21. Bxe6 Qxe6 22. N3xe5 Nxe4 23. Bd4 c5 24. Be3 Ng6 25. Nxg6 Qxg6 26. Ne5 Qf6 27. Qd5+ Kh8 28. Qxe4 Rd8 29. g3 b6 30. Kg2 Kg8 31. Ng4 Qd6 32. Kh2 Rf8 33. Qc4+ Kh7 34. Bf4 Qg6 35. Ne5 Qf5 36. Nd3 Re8 37. Be3 g5 38. Qa4 Re7 39. Qc6 Rf7 40. Qd6 Rd7 41. Qc6 Re7 42. b3 Rf7 43. Qd6 Rd7 44. Qc6 Re7 45. Qa8 Qe6 46. Qf3 Rf7 47. Qh5 0-1

[Site "Europe Echecs"]

[Event "Championnat d'Europe de Blitz"]
[Date "2024.12.09"]
[White "Kizov, Atanas"]
[Black "Mueller, Magnus"]
[WhiteElo "2396"]
[BlackElo "2166"]
[Round "8.51"]
[Result "1/2-1/2"]
[TimeControl "180+2"]

1. d4 Nf6 2. Nf3 c5 3. d5 e6 4. Nc3 exd5 5. Nxd5 Nxd5 6. Qxd5 Nc6 7. e4 Be7 8. c3 O-O 9. Be2 d6 10. O-O Be6 11. Qd1 d5 12. exd5 Qxd5 13. Qxd5 Bxd5 14. Be3 Rad8 15. Rfd1 b6 16. h3 h6 17. Nd2 f5 18. f4 Bf6 19. Bf3 Rfe8 20. Re1 Kf7 21. a4 Bxf3 22. Nxf3 Re4 23. g3 Na5 24. Bf2 Nc4 25. Rab1 Rd3 26. Kg2 g5 27. fxg5 hxg5 28. g4 Rxf3 29. Kxf3 Nd2+ 30. Kg2 Nxb1 31. Rxb1 fxg4 32. hxg4 Rxg4+ 33. Kf3 Rxa4 34. b4 Ra3 35.
bxc5 Rxc3+ 36. Ke4 bxc5 37. Kd5 a5 38. Rb7+ Kg6 39. Bxc5 Kf5 40. Rf7 Rd3+ 41. Kc4 Rd1 42. Be7 Ke6 43. Rxf6+ Kxe7 44. Rf5 Rg1 45. Rxa5 g4 46. Kd3 Kf6 47. Ke2 Rg3 48. Kf2 Rf3+ 49. Kg2 Rf5 50. Rxf5+ Kxf5 51. Kg3 Kg5 52. Kg2 Kf4 53. Kf2 g3+ 54. Kg2 Kg4 55. Kg1 Kf3 56. Kf1 g2+ 57. Kg1 Kg3 1/2-1/2

[Site "Europe Echecs"]

[Event "Championnat d'Europe de Blitz"]
[Date "2024.12.09"]
[White "Asllani, Muhamet"]
[Black "Mihov, Filip"]
[WhiteElo "2112"]
[BlackElo "2245"]
[Round "8.52"]
[Result "0-1"]
[TimeControl "180+2"]

1. d4 d5 2. Nf3 c5 3. dxc5 e6 4. e4 Bxc5 5. exd5 exd5 6. Bb5+ Nc6 7. O-O Nge7 8. Nc3 O-O 9. h3 Bf5 10. Bf4 a6 11. Bd3 d4 12. Ne4 Ba7 13. Re1 Nb4 14. Ng3 Bxd3 15. cxd3 Ng6 16. Bg5 Qd5 17. a3 Nc6 18. Rc1 Rfe8 19. Ne4 Nge5 20. Nxe5 Nxe5 21. Bf4 Nc6 22. Qf3 Rad8 23. Qg3 Qf5 24. b4 Qg6 25. Qh4 Bb8 26. Rc5 f5 27. Bg5 Rc8 28. Nf6+ gxf6 29. Bf4 Rxe1+ 0-1

[Site "Europe Echecs"]

[Event "Championnat d'Europe de Blitz"]
[Date "2024.12.09"]
[White "Kesidis, Odyseas"]
[Black "Pacher, Milan"]
[WhiteElo "2241"]
[BlackElo "2310"]
[Round "8.53"]
[Result "1-0"]
[TimeControl "180+2"]

1. e4 e6 2.
d4 d5 3. e5 c5 4. c3 Nc6 5. Nf3 Qb6 6. Bd3 cxd4 7. O-O Bd7 8. cxd4 Nxd4 9. Nbd2 Nxf3+ 10.
Nxf3 Ne7 11.
Be3 Qd8 12.
Ng5 Ng6 13.
Qh5 Be7 14.
Nxh7 Nf8 15.
Nf6+ Bxf6 16. Qxh8 Bxe5 17. f4 Bd6 18. Qxg7 Qe7 19. Rac1 Bc6 20. f5 Qh4 21. g3 Qh3 22. fxe6 O-O-O 23. Bf5 Qxf5 24. Rxf5 fxe6 25. Rf7 Nd7 26. Bg5 Be5 27. Qh7 Rh8 28. Rxd7 Bd4+ 29. Kg2 1-0

[Site "Europe Echecs"]

[Event "Championnat d'Europe de Blitz"]
[Date "2024.12.09"]
[White "Kralevski, Aleksander"]
[Black "Danov, Lyubomir"]
[WhiteElo "2028"]
[BlackElo "2297"]
[Round "8.54"]
[Result "0-1"]
[TimeControl "180+2"]

1. e4 c6 2.
d4 d5 3. e5 Bf5 4. Nf3 e6 5. Be2 Nd7 6. O-O f6 7. Nh4 fxe5 8. Nxf5 exf5 9. dxe5 Nxe5 10. Re1 Be7 11. Bh5+ Ng6 12. Bg5 Kf7 13. Bxe7 N8xe7 14. Nd2 Rf8 15. Nf3 Kg8 16. Qe2 Qd6 17. g3 Qf6 18. h4 Rae8 19. c3 Rd8 20. Ng5 Nc8 21. Qe3 Kh8 22. Qe6 Rd6 23. Qe2 f4 24. Bxg6 Qxg6 25. Qd2 h6 26. Nh3 fxg3 27. f4 Qg4 28. Kg2 Rdf6 29. Re5 Nd6 30. Rae1 Nc4 31. Qe2 0-1

[Site "Europe Echecs"]

[Event "Championnat d'Europe de Blitz"]
[Date "2024.12.09"]
[White "Van Foreest, Jorden"]
[Black "Korobov, Anton"]
[WhiteElo "2677"]
[BlackElo "2629"]
[Round "9.1"]
[Result "1-0"]
[TimeControl "180+2"]

1. e4 e6 2. d4 d5 3. Nc3 Nf6 4. e5 Nfd7 5. f4 c5 6. Nf3 Be7 7. Be3 O-O 8. Qd2 b6 9. h4 Ba6 10. Bxa6 Nxa6 11. h5 Rc8 12. Ne2 cxd4 13. Nexd4 Nac5 14. O-O-O Ne4 15. Qe1 b5 16. f5 Qb6 17. Kb1 Ndc5 18. f6 gxf6 19. Qh4 Kh8 20. Rhf1 Qd8 21. exf6 Bxf6 22. Qh2 Na4 23. Ne5 Qe7 24. Ndc6 Nec3+ 25. Ka1 Nxd1 26. Nxe7 Nxe3 27. Nxc8 Nxf1 28. Qf4 Bg7 29. h6 1-0

[Site "Europe Echecs"]

[Event "Championnat d'Europe de Blitz"]
[Date "2024.12.09"]
[White "Fedoseev, Vladimir"]
[Black "Jobava, Baadur"]
[WhiteElo "2709"]
[BlackElo "2578"]
[Round "9.2"]
[Result "1/2-1/2"]
[TimeControl "180+2"]

1. d4 d5 2. c4 c6 3. Nf3 Nf6 4. e3 g6 5. Nc3 Bg7 6. Be2 O-O 7. O-O dxc4 8. Bxc4 Bg4 9. Be2 Nbd7 10. e4 Qb6 11. Rb1 Rfd8 12. Be3 Nf8 13. Qc2 Bxf3 14. Bxf3 Ne6 15. Ne2 Qa6 16. b4 h5 17. h3 Nh7 18. Rfd1 Nhg5 19. a4 Nxf3+ 20. gxf3 Rac8 21. Kg2 b6 22. Rd2 Qb7 23. Rbd1 Rd7 24. Qb3 Rcd8 25. b5 c5 26. d5 Nc7 27. Nf4 Ne8 28. Nd3 Nd6 29.
Qc2 a6 30.
bxa6 Qxa6 31. Bf4 Ra7 32. Bxd6 exd6 33. Rb1 Qxa4 34. Rxb6 c4 35. Nb4 c3 36. Qxa4 Rxa4 37. Rc2 Rda8 38. f4 Bd4 39. Rb5 Bc5 40. Nd3 Rxe4 41. Nxc5 dxc5 42. Rxc5 Rxf4 43. R2xc3 Rd4 44. R3c4 1/2-1/2

[Site "Europe Echecs"]

[Event "Championnat d'Europe de Blitz"]
[Date "2024.12.09"]
[White "Fressinet, Laurent"]
[Black "Pichot, Alan"]
[WhiteElo "2588"]
[BlackElo "2637"]
[Round "9.3"]
[Result "1/2-1/2"]
[TimeControl "180+2"]

1. Nf3 Nf6 2. g3 d5 3.
Bg2 e6 4. d4 Be7 5. c4 O-O 6. Qc2 Nbd7 7. O-O a5 8. Rd1 dxc4 9. Qxc4 b5 10. Qc2 Bb7 11. Bf4 Rc8 12. Nc3 b4 13. Na4 Be4 14. Qc1 Nd5 15. Ne5 Bxg2 16. Kxg2 c5 17. Nxd7 cxd4 18. Ndc5 Bxc5 19. Nxc5 Nxf4+ 20.
Qxf4 Rxc5 21. Rxd4 Qa8+ 22. Qf3 Rc2 23. Qxa8 Rxa8 24. Rad1 Kf8 25. R1d2 Rac8 1/2-1/2

[Site "Europe Echecs"]

[Event "Championnat d'Europe de Blitz"]
[Date "2024.12.09"]
[White "Sarana, Alexey"]
[Black "Ragger, Markus"]
[WhiteElo "2674"]
[BlackElo "2577"]
[Round "9.4"]
[Result "1-0"]
[TimeControl "180+2"]

1. d4 Nf6 2. c4 g6 3. Nc3 d5 4. Nf3 Bg7 5. e3 O-O 6.
cxd5 Nxd5 7.
Be2 c5 8. Qb3 Nxc3 9. bxc3 b6 10. O-O Bb7 11. dxc5 Nd7 12. Rd1 Qc7 13. cxb6 axb6 14. Nd4 Nc5 15. Qb4 Ra4 16. Qb2 Rfa8 17. Bd2 Ne4 18. Be1 Nd6 19. Qb3 Qc5 20. Bf1 Bd5 21. Qb1 Bxa2 22. Qc2 b5 23. Qb2 Bc4 24. Rab1 Bxf1 25. Kxf1 Qc4+ 26. Kg1 Ra2 27. Qb4 Qxb4 28. Rxb4 Ra1 29. Rxa1 Rxa1 30. Kf1 Bxd4 31. cxd4 f5 32. Rb2 Kf7 33. Ke2 Ke6 34. Bb4 Nc4 35. Rc2 Rb1 36. Bc5 Rb2 37. Kd3 Rxc2 38. Kxc2 Kd7 39.
Kd3 e6 40.
f3 Nb2+ 41. Kc3 Nd1+ 42. Kd2 Nb2 43. e4 Kc6 44. Bb4 Nc4+ 45. Kd3 Nb2+ 46. Ke3 g5 47. d5+ exd5 48.
exf5 Nc4+ 49. Kd4 Nb6 50. f6 Nd7 51. f7 1-0

[Site "Europe Echecs"]

[Event "Championnat d'Europe de Blitz"]
[Date "2024.12.09"]
[White "Santos Latasa, Jaime"]
[Black "Dvirnyy, Danyyil"]
[WhiteElo "2628"]
[BlackElo "2491"]
[Round "9.5"]
[Result "1-0"]
[TimeControl "180+2"]

1. Nf3 Nf6 2. c4 e6 3. Nc3 d5 4. e3 Bd6 5. b3 O-O 6. Bb2 Re8 7. Nb5 Bf8 8. Bxf6 gxf6 9. cxd5 c6 10. dxc6 Nxc6 11. Be2 a6 12. Nc3 b5 13. O-O Bb7 14. d4 Rc8 15. Qd3 f5 16. a3 Bg7 17. Rac1 e5 18. Qxf5 exd4 19. Ne4 h6 20. Nc5 Ne7 21. Nxb7 Nxf5 22. Nxd8 Rcxd8 23. Bd3 Ne7 24. e4 Rc8 25. a4 bxa4 26. bxa4 a5 27. Bb5 Red8 28. Rxc8 Rxc8 29. Rd1 Ng6 30. g3 Ne5 31. Nxd4 Rd8 32. Be2 Nc4 33. Nc6 Rxd1+ 34. Bxd1 Nb2 35. Bb3 Bc3 36. Nd8 Kg7 37. Nxf7 Nxa4 38. Bxa4 Kxf7 39. f4 h5 40. Kf2 h4 41. gxh4 Bd2 42. Kf3 Kf6 43. e5+ Kg7 44.
f5 Bc3 45. Kf4 Bb4 46. f6+ Kg6 47. Bc2+ Kh6 48. Ke4 1-0

[Site "Europe Echecs"]

[Event "Championnat d'Europe de Blitz"]
[Date "2024.12.09"]
[White "Pantsulaia, Levan"]
[Black "Gavrilescu, David"]
[WhiteElo "2522"]
[BlackElo "2549"]
[Round "9.6"]
[Result "1-0"]
[TimeControl "180+2"]

1. Nf3 d5 2.
c4 e6 3. g3 Nf6 4. Bg2 Be7 5. O-O O-O 6. b3 b6 7. Bb2 Bb7 8. e3 c5 9. Nc3 Qc8 10. Qe2 Rd8 11. Rac1 d4 12. exd4 cxd4 13. Nb5 d3 14. Qe3 Nc6 15. a3 Na5 16. b4 Nxc4 17. Qf4 Bd5 18.
Ne5 Bxg2 19.
Rxc4 Qa6 20. Kxg2 Qxb5 21. Nc6 Re8 22. Nxe7+ Rxe7 23. Rfc1 Qf5 24. Qxf5 exf5 25. Bxf6 gxf6 26.
Rc8+ Rxc8 27. Rxc8+ Kg7 28. Rd8 Re1 29. Kf3 a5 30. bxa5 bxa5 31. Rxd3 Ra1 32. h4 h5 33. Ke3 Kg6 34. f4 Kg7 35. Kd4 Kf8 36. Kc4 Rb1 37. Rb3 Rd1 38. d4 a4 39. Re3 Rb1 40. d5 Rc1+ 41. Kb5 Rd1 42. Kc6 Rc1+ 43.
Kd7 Rb1 44.
Re8+ Kg7 45.
Ra8 Rb3 46.
Rxa4 Rxg3 47. d6 Rh3 48. Kc7 Rc3+ 49. Kd8 Rh3 50. d7 Rd3 51. Rc4 Rxa3 52. Kc7 1-0

[Site "Europe Echecs"]

[Event "Championnat d'Europe de Blitz"]
[Date "2024.12.09"]
[White "Baidetskyi, Valentin"]
[Black "Papasimakopoulos, Alexandros"]
[WhiteElo "2519"]
[BlackElo "2379"]
[Round "9.7"]
[Result "1-0"]
[TimeControl "180+2"]

1. e4 e6 2. d4 d5 3. Nd2 Nf6 4. e5 Nfd7 5. c3 c5 6. f4 cxd4 7. cxd4 a5 8. Ngf3 a4 9. Bd3 a3 10. O-O g6 11. bxa3 Bxa3 12. Bxa3 Rxa3 13. Nb1 Ra8 14. Nc3 Nc6 15. Qd2 Qa5 16. Rac1 O-O 17. Qf2 f5 18. Ng5 Re8 19. Nb5 Nf8 20. Nd6 Re7 21. h3 Qa7 22. Nf3 Bd7 23. Bb1 Na5 24. Rc7 Qb6 25. Rfc1 Rb8 26. Qh4 Rg7 27. R7c5 Bc6 28. Kh2 Ra8 29. Qf2 Nd7 30. R5c3 Nf8 31. g4 Nc4 32. Nxc4 dxc4 33. Rxc4 Ra3 34.
Ng1 Rd7 35.
Ne2 Qa5 36.
Qe1 Qd5 37.
Qf2 Rf3 38.
Qg1 fxg4 39.
hxg4 Bb5 40.
Rc5 Bxe2 41.
Rxd5 Rxd5 42. Be4 Ra5 43. Bxf3 Bxf3 44. Qf2 Bxg4 45. Rc8 Bf5 46. Qb2 1-0

[Site "Europe Echecs"]

[Event "Championnat d'Europe de Blitz"]
[Date "2024.12.09"]
[White "Bernadskiy, Vitaliy"]
[Black "Deac, Bogdan-Daniel"]
[WhiteElo "2546"]
[BlackElo "2696"]
[Round "9.8"]
[Result "0-1"]
[TimeControl "180+2"]

1. e4 e5 2. Nf3 Nf6 3. Nxe5 d6 4. Nf3 Nxe4 5. Qe2 Qe7 6. d3 Nf6 7. Bg5 Qxe2+ 8. Bxe2 Be7 9. Nc3 h6 10. Bh4 Nc6 11. O-O a6 12. Rfe1 Be6 13. Bf1 g5 14. Bg3 Kd7 15. Ne2 Nh5 16. Nfd4 Bf6 17. Nxe6 fxe6 18. c3 Raf8 19. d4 Rh7 20. Nc1 Nxg3 21.
hxg3 h5 22.
Bc4 e5 23.
dxe5 Nxe5 24. Bd5 c6 25. Be4 Re7 26. Nd3 Kc7 27. Nxe5 Bxe5 28. Re3 Ref7 29. Re2 h4 30. g4 Rf4 31. Bf5 b5 32. Rae1 b4 33. cxb4 Rxb4 34.
b3 a5 35.
Re4 Rfb8 36.
Rc1 a4 37.
bxa4 Rb2 38.
Be6 Re8 39.
Bd5 c5 40.
a5 Rf8 41. a6 Kb6 42. Ra4 Ka7 43. Bf3 h3 44. Ra3 hxg2 45. Kxg2 Rh8 46. Rb3 Rxb3 47. axb3 Kxa6 48. Be2+ Ka5 49. Bc4 Kb4 50. Rh1 Rf8 51. Rh7 Rf4 52. f3 Rd4 53. Rh5 Rd2+ 54. Kf1 Bf4 55. Rh6 d5 56. Be2 Kxb3 57. Ke1 c4 58. Rf6 Kc3 59. Ra6 Rb2 60. Ra5 Kd4 61. Ra4 Bd6 62. Kf2 Bf4 63. Ra5 Be3+ 64. Kf1 Rb1+ 65. Kg2 Rg1+ 66. Kh2 Re1 67. Ra2 Kc5 68. Kg2 Kb4 69. Bf1 Bf4 70. Ra7 d4 71. Rb7+ Kc3 72. Kf2 Ra1 73. Rd7 0-1

[Site "Europe Echecs"]

[Event "Championnat d'Europe de Blitz"]
[Date "2024.12.09"]
[White "Mamedov, Rauf"]
[Black "Paichadze, Luka"]
[WhiteElo "2656"]
[BlackElo "2532"]
[Round "9.9"]
[Result "1-0"]
[TimeControl "180+2"]

1. e4 c6 2.
Nf3 d5 3. e5 c5 4. c4 d4 5. g3 e6 6. Bg2 Bd7 7. O-O Bc6 8. d3 Nd7 9. Nbd2 Ne7 10. a3 a5 11. Rb1 a4 12. Re1 Ng6 13. h4 Qc7 14. Qe2 h5 15. Ne4 Ndxe5 16. Nxe5 Qxe5 17. f4 Qc7 18. f5 Ne5 19. fxe6 f6 20. Bf4 Be7 21. b4 axb3 22. Rxb3 Ra6 23. Ng5 Bxg2 24. Qxg2 Qa5 25. Rf1 Nc6 26. Nf7 O-O 27. Rxb7 Re8 28.
Qe4 Nd8 29.
Nh6+ gxh6 30. Qg6+ 1-0

[Site "Europe Echecs"]

[Event "Championnat d'Europe de Blitz"]
[Date "2024.12.09"]
[White "Pancevski, Filip"]
[Black "Lagarde, Maxime"]
[WhiteElo "2420"]
[BlackElo "2600"]
[Round "9.10"]
[Result "1-0"]
[TimeControl "180+2"]

1. e4 c5 2.
d3 Nc6 3. f4 g6 4. Nf3 Bg7 5. Be2 d6 6. O-O b5 7. a3 a5 8. c3 Rb8 9. d4 cxd4 10. cxd4 Bg4 11. Be3 Qb6 12. Nc3 Bxf3 13. Bxf3 Bxd4 14.
Bxd4 Qxd4+ 15. Kh1 Qxd1 16. Rfxd1 Nd8 17. Rd5 b4 18. Na4 bxa3 19. bxa3 Nf6 20. Rxa5 O-O 21. Ra7 e5 22. Ra6 exf4 23. Rxd6 Ne6 24. Nb6 Rfd8 25. Rxd8+ Rxd8 26. a4 Nc5 27. a5 Rb8 28. e5 Ne8 29. h3 Nb3 30. Ra3 Nxa5 31. Nd7 Rb1+ 32. Kh2 Rb5 33. Rc3 Kg7 34. Rc8 Rb2 35. Rxe8 Nb3 36. Nf6 Nd4 37. Kg1 Rb1+ 38. Kf2 Rb2+ 39. Kg1 Rb1+ 40. Kf2 Rb2+ 41. Ke1 Kh6 42.
h4 Nf5 43. Rh8 Nxh4 44. Rxh7+ 1-0

[Site "Europe Echecs"]

[Event "Championnat d'Europe de Blitz"]
[Date "2024.12.09"]
[White "Sargissian, Gabriel"]
[Black "Zajic, Milan"]
[WhiteElo "2628"]
[BlackElo "2392"]
[Round "9.11"]
[Result "0-1"]
[TimeControl "180+2"]

1. Nf3 d5 2.
g3 Nf6 3. Bg2 c6 4. O-O Bg4 5. h3 Bh5 6. c4 e6 7. d4 Nbd7 8. cxd5 exd5 9. Qb3 Qb6 10. Qe3+ Be7 11. Nh4 Bg6 12. Nc3 Nf8 13. Nxg6 hxg6 14. Qd3 Ne6 15. Rd1 O-O 16. e3 Rfe8 17. Qc2 a5 18. Bd2 Qd8 19. Rac1 Bd6 20. Ne2 Ng5 21. Nf4 Nge4 22. Be1 g5 23. Nd3 g4 24. h4 Qd7 25. Bc3 Qf5 26. Nf4 g5 27. hxg5 Qxg5 28. Nd3 Kg7 29. Ne5 Rh8 30. Qe2 Nxc3 31. bxc3 Rh5 32. f4 gxf3 33. Qxf3 Bxe5 34. dxe5 Qxe5 35. Rd4 Rg5 36. Rf4 Re8 37. Rf1 Rg6 38. g4 Re7 39. Rf5 Qe6 40. g5 Ne4 41. Bh3 Nd2 42. Qf4 Nxf1 43. Kxf1 Qxe3 0-1

[Site "Europe Echecs"]

[Event "Championnat d'Europe de Blitz"]
[Date "2024.12.09"]
[White "Dragnev, Valentin"]
[Black "Muradli, Mahammad"]
[WhiteElo "2563"]
[BlackElo "2588"]
[Round "9.12"]
[Result "0-1"]
[TimeControl "180+2"]

1. e4 c5 2. Nf3 d6 3. Bb5+ Bd7 4. Bxd7+ Nxd7 5. c4 Ne5 6. O-O Nxf3+ 7. Qxf3 e6 8. Nc3 Ne7 9. d3 Nc6 10. Qg3 g6 11. Bg5 Be7 12. Bh6 Bh4 13. Qh3 Bf6 14. Kh1 a6 15. Rab1 g5 16. f4 gxf4 17. Bxf4 Be5 18. Ne2 Qe7 19. a3 O-O-O 20. b4 Bxf4 21. Rxf4 Ne5 22. d4 cxd4 23. Nxd4 Qc7 24. b5 a5 25. b6 Qxc4 26. Nb3 Kb8 27. Nxa5 Qc2 28. Rff1 Rc8 29. Qh4 Rhg8 30. Qf2 Qxf2 31. Rxf2 Rc3 32.
h3 Rxa3 33. Nb3 Ra4 34. Rd2 Nc4 35. Rd4 Rb4 36. Ra1 Rxb3 37. Rxc4 Rxb6 38. Rf1 Rg7 39. Rc3 Rb4 40. Rd3 Kc7 41. Rc1+ Kd7 42. Rcd1 Rb6 43. Kh2 Rg5 44. h4 Re5 45. Rf1 Ke7 46.
Rdf3 f5 47.
exf5 exf5 48. Rxf5 Rb4 49. Rf7+ Ke6 50. Rxh7 b5 51. Rh6+ Kd7 52. Rd1 d5 53. Rf1 Re6 54. Rh5 Kc6 55. Ra1 Ra4 56. Rc1+ Rc4 57. Ra1 Kc5 58. Kh3 Re3+ 59. g3 Rcc3 60. Rg5 Kc4 61. h5 b4 62. h6 Re8 63. h7 Rh8 64. Rg7 b3 65. Rc7+ Kd3 66. Rb7 Kc2 67. Rf1 d4 68. Rf2+ Kd3 69. Rff7 Kc2 70. Rf2+ Kd3 71. Rff7 Ke3 72. Rfe7+ Kd2 73. Rg7 Kc2 74. Rg8 Rxh7+ 75. Rxh7 b2 76. Rb7 b1=Q 77.
Rxb1 Kxb1 78. Rd8 d3 79. Kh4 Kc2 80. g4 d2 81. g5 Rd3 82. Rc8+ Kb2 83. Rb8+ Kc3 84. Rc8+ Kd4 85. Rd8+ Ke4 86. Re8+ [Site "Europe Echecs"]

[Event "Championnat d'Europe de Blitz"]
[Date "2024.12.09"]
[White "Quparadze, Giga"]
[Black "Boyer, Mahel"]
[WhiteElo "2537"]
[BlackElo "2526"]
[Round "9.13"]
[Result "1-0"]
[TimeControl "180+2"]

1. e4 Nc6 2.
Nf3 d5 3.
exd5 Qxd5 4.
Nc3 Qh5 5.
d4 Bg4 6.
Be2 O-O-O 7.
Be3 e5 8. d5 Nf6 9. O-O Nb4 10. h3 Bxf3 11. Bxf3 Qg6 12. Rc1 e4 13. Bg4+ Kb8 14. Qd4 b6 15. Qc4 Bd6 16. Rfd1 Nxg4 17. hxg4 Qxg4 18. a3 Na2 19. Nxa2 Qh4 20. Nc3 f5 21. Qa6 Qh2+ 22. Kf1 f4 23. Nb5 fxe3 24. Nxa7 Qh1+ 25. Ke2 Qh5+ 26. f3 exf3+ 27. gxf3 c5 28. Qxb6+ Ka8 29. Nc6 Qh2+ 30. Kd3 c4+ 31. Kxc4 Qe2+ 32. Rd3 Rd7 33. Qa6+ 1-0

[Site "Europe Echecs"]

[Event "Championnat d'Europe de Blitz"]
[Date "2024.12.09"]
[White "Cvitan, Ognjen"]
[Black "Djukic, Nikola"]
[WhiteElo "2413"]
[BlackElo "2493"]
[Round "9.14"]
[Result "1/2-1/2"]
[TimeControl "180+2"]

1. d4 Nf6 2.
c4 e6 3. Nc3 Bb4 4. e3 O-O 5. Bd3 d5 6. a3 Bxc3+ 7. bxc3 dxc4 8. Bxc4 c5 9. Ne2 b6 10. O-O Ba6 11. Bxa6 Nxa6 12. Ng3 Qc7 13. e4 cxd4 14. cxd4 Nb8 15. a4 Nbd7 16. e5 Nd5 17. Ne4 Rfb8 18. Qf3 f5 19. Nd6 Qc3 20. Be3 Nf8 21. Nxf5 Ng6 22. Nd6 Qc7 23. Rac1 Qd7 24. Qg4 Nge7 25. Bg5 Nf5 26. Nxf5 exf5 27. Qf3 Rc8 28. h4 a6 29. Rfe1 Qe6 30. Qd3 Nb4 31. Qd2 Nd5 32. g3 b5 33. axb5 axb5 34. Rc5 b4 35. Qd3 h6 36. Bd2 Rxc5 37.
dxc5 Ra2 38. Bc1 Kh7 39. Qc4 Ra6 40. Rd1 Nc3 41. Qxe6 Rxe6 42. Re1 Na4 43. Bd2 Nxc5 44. Bxb4 Nd3 45. Rb1 Rb6 46. e6 Nxb4 47. e7 Re6 48. Rxb4 Rxe7 1/2-1/2

[Site "Europe Echecs"]

[Event "Championnat d'Europe de Blitz"]
[Date "2024.12.09"]
[White "Koelle, Tobias"]
[Black "Kilic, Eray"]
[WhiteElo "2437"]
[BlackElo "2459"]
[Round "9.15"]
[Result "0-1"]
[TimeControl "180+2"]

1. d4 Nf6 2. c4 e6 3. Nf3 d5 4. Nc3 Bb4 5. Bg5 dxc4 6. e4 b5 7. a4 c6 8.
e5 h6 9.
exf6 hxg5 10. fxg7 Rg8 11. h4 g4 12. Ne5 Rxg7 13. Nxg4 Nd7 14. Qf3 Bb7 15. h5 Qg5 16. h6 Rh7 17. axb5 Qxb5 18. Qe4 Rh8 19. Qe3 O-O-O 20. Be2 f5 21. Ne5 Qb6 22. Nxc4 Qc7 23. Rxa7 Kb8 24. Ra1 c5 25. Kf1 cxd4 26. Qxd4 Bc5 27.
Qh4 Rdg8 28.
Rh2 Be7 29.
Qh3 Qc6 30.
Na5 Qc7 31.
Nxb7 Qxb7 32. Bf3 Qb4 33. Qh5 Ne5 34. Re1 Qc4+ 35. Kg1 Rg5 36. Qh3 Rxh6 37. Qxh6 Nxf3+ 38. Kh1 Nxe1 39. Qh8+ 0-1

[Site "Europe Echecs"]